%YAML 1.1
%TAG !u! tag:unity3d.com,2011:
--- !u!1 &3774596431609209896
GameObject:
  m_ObjectHideFlags: 0
  m_CorrespondingSourceObject: {fileID: 0}
  m_PrefabInstance: {fileID: 0}
  m_PrefabAsset: {fileID: 0}
  serializedVersion: 6
  m_Component:
  - component: {fileID: 3774596431609209902}
  - component: {fileID: 3774596431609209897}
  m_Layer: 0
  m_Name: InputSystem
  m_TagString: Untagged
  m_Icon: {fileID: 0}
  m_NavMeshLayer: 0
  m_StaticEditorFlags: 0
  m_IsActive: 1
--- !u!4 &3774596431609209902
Transform:
  m_ObjectHideFlags: 0
  m_CorrespondingSourceObject: {fileID: 0}
  m_PrefabInstance: {fileID: 0}
  m_PrefabAsset: {fileID: 0}
  m_GameObject: {fileID: 3774596431609209896}
  m_LocalRotation: {x: 0, y: 0, z: 0, w: 1}
  m_LocalPosition: {x: 0, y: 0, z: 0}
  m_LocalScale: {x: 1, y: 1, z: 1}
  m_ConstrainProportionsScale: 0
  m_Children:
  - {fileID: 1155663058063763730}
  - {fileID: 1280454093970641279}
  m_Father: {fileID: 0}
  m_RootOrder: 0
  m_LocalEulerAnglesHint: {x: 0, y: 0, z: 0}
--- !u!114 &3774596431609209897
MonoBehaviour:
  m_ObjectHideFlags: 0
  m_CorrespondingSourceObject: {fileID: 0}
  m_PrefabInstance: {fileID: 0}
  m_PrefabAsset: {fileID: 0}
  m_GameObject: {fileID: 3774596431609209896}
  m_Enabled: 1
  m_EditorHideFlags: 0
  m_Script: {fileID: 11500000, guid: 1fcc1f28a98e3485aa2d255a65fdbce2, type: 3}
  m_Name: 
  m_EditorClassIdentifier: 
  m_InputType: 0
  dynamicMode: 1
  controllerManager: {fileID: 0}
  handManager: {fileID: 0}
--- !u!1 &4334768707354905511
GameObject:
  m_ObjectHideFlags: 0
  m_CorrespondingSourceObject: {fileID: 0}
  m_PrefabInstance: {fileID: 0}
  m_PrefabAsset: {fileID: 0}
  serializedVersion: 6
  m_Component:
  - component: {fileID: 1280454093970641279}
  - component: {fileID: 6853411840403349040}
  m_Layer: 0
  m_Name: HandRig
  m_TagString: Untagged
  m_Icon: {fileID: 0}
  m_NavMeshLayer: 0
  m_StaticEditorFlags: 0
  m_IsActive: 1
--- !u!4 &1280454093970641279
Transform:
  m_ObjectHideFlags: 0
  m_CorrespondingSourceObject: {fileID: 0}
  m_PrefabInstance: {fileID: 0}
  m_PrefabAsset: {fileID: 0}
  m_GameObject: {fileID: 4334768707354905511}
  m_LocalRotation: {x: -0, y: -0, z: -0, w: 1}
  m_LocalPosition: {x: 0, y: 0, z: 0}
  m_LocalScale: {x: 1, y: 1, z: 1}
  m_ConstrainProportionsScale: 0
  m_Children:
  - {fileID: 7676621469331136301}
  - {fileID: 7676621469570342387}
  m_Father: {fileID: 3774596431609209902}
  m_RootOrder: 1
  m_LocalEulerAnglesHint: {x: 0, y: 0, z: 0}
--- !u!114 &6853411840403349040
MonoBehaviour:
  m_ObjectHideFlags: 0
  m_CorrespondingSourceObject: {fileID: 0}
  m_PrefabInstance: {fileID: 0}
  m_PrefabAsset: {fileID: 0}
  m_GameObject: {fileID: 4334768707354905511}
  m_Enabled: 1
  m_EditorHideFlags: 0
  m_Script: {fileID: 11500000, guid: 4115a900a8175874bb6215708b2e4e90, type: 3}
  m_Name: 
  m_EditorClassIdentifier: 
  enableHandSimulatorInEditor: 1
  m_LeftHand: {fileID: 7676621469331136298}
  m_RightHand: {fileID: 7676621469570342384}
--- !u!1 &7676621469331136298
GameObject:
  m_ObjectHideFlags: 0
  m_CorrespondingSourceObject: {fileID: 0}
  m_PrefabInstance: {fileID: 0}
  m_PrefabAsset: {fileID: 0}
  serializedVersion: 6
  m_Component:
  - component: {fileID: 7676621469331136301}
  - component: {fileID: 4858109468121188901}
  - component: {fileID: 2381814222212640351}
  - component: {fileID: 4122132589680692403}
  - component: {fileID: 9113067224576310284}
  - component: {fileID: 33200110150900725}
  - component: {fileID: 8279277842548775127}
  - component: {fileID: 560684691247813426}
  - component: {fileID: 6737544418058469116}
  m_Layer: 0
  m_Name: Left
  m_TagString: Untagged
  m_Icon: {fileID: 0}
  m_NavMeshLayer: 0
  m_StaticEditorFlags: 0
  m_IsActive: 1
--- !u!4 &7676621469331136301
Transform:
  m_ObjectHideFlags: 0
  m_CorrespondingSourceObject: {fileID: 0}
  m_PrefabInstance: {fileID: 0}
  m_PrefabAsset: {fileID: 0}
  m_GameObject: {fileID: 7676621469331136298}
  m_LocalRotation: {x: -0, y: -0, z: -0, w: 1}
  m_LocalPosition: {x: 0, y: 0, z: 0}
  m_LocalScale: {x: 1, y: 1, z: 1}
  m_ConstrainProportionsScale: 0
  m_Children:
  - {fileID: 2866577213327798638}
  m_Father: {fileID: 1280454093970641279}
  m_RootOrder: 0
  m_LocalEulerAnglesHint: {x: 0, y: 0, z: 0}
--- !u!114 &4858109468121188901
MonoBehaviour:
  m_ObjectHideFlags: 0
  m_CorrespondingSourceObject: {fileID: 0}
  m_PrefabInstance: {fileID: 0}
  m_PrefabAsset: {fileID: 0}
  m_GameObject: {fileID: 7676621469331136298}
  m_Enabled: 1
  m_EditorHideFlags: 0
  m_Script: {fileID: 11500000, guid: e8791a6a7e62f784a97d22375c58cf6c, type: 3}
  m_Name: 
  m_EditorClassIdentifier: 
  inputType: 0
  handType: 0
  isPinching: 0
  startPinch: 0
  endPinch: 0
  grabLocalPoint: {x: 0, y: 0, z: 0}
  isDragging: 0
  rayStartDistance: 0.15
  rayPoint_Start: {x: 0, y: 0, z: 0}
  rayPoint_End:
    position: {x: 0, y: 0, z: 0}
    rotation: {x: 0, y: 0, z: 0, w: 0}
  rayDirection: {x: 0, y: 0, z: 0}
  curRayContactingTarget_Renderer: {fileID: 0}
  lastRayContactingTarget_Renderer: {fileID: 0}
  lastPointingObject: {fileID: 0}
  IsRayPressDown: 0
  IsRayPressUp: 0
  curPressingObject: {fileID: 0}
  isCloseContactingUGUI: 0
  palmNormal: {x: 0, y: 0, z: 0}
  palmDirection: {x: 0, y: 0, z: 0}
  palm: {fileID: 0}
  preCloseContacting: 0
  preCloseContactingTarget_Renderer: {fileID: 0}
  last_PreCloseContactingTarget_Renderer: {fileID: 0}
--- !u!114 &2381814222212640351
MonoBehaviour:
  m_ObjectHideFlags: 0
  m_CorrespondingSourceObject: {fileID: 0}
  m_PrefabInstance: {fileID: 0}
  m_PrefabAsset: {fileID: 0}
  m_GameObject: {fileID: 7676621469331136298}
  m_Enabled: 1
  m_EditorHideFlags: 0
  m_Script: {fileID: 11500000, guid: 3c5dbb38307958e42bc0a5cc68279938, type: 3}
  m_Name: 
  m_EditorClassIdentifier: 
  ShowHandJoint: 0
  ShowHandJointAxis: 0
  enablePhysicsInteraction: 0
  prefab_Keypoint: {fileID: 0}
  prefab_Axis: {fileID: 0}
  keyPoints:
  - {fileID: 0}
  - {fileID: 0}
  - {fileID: 0}
  - {fileID: 0}
  - {fileID: 0}
  - {fileID: 0}
  - {fileID: 0}
  - {fileID: 0}
  - {fileID: 0}
  - {fileID: 0}
  - {fileID: 0}
  - {fileID: 0}
  - {fileID: 0}
  - {fileID: 0}
  - {fileID: 0}
  - {fileID: 0}
  - {fileID: 0}
  - {fileID: 0}
  - {fileID: 0}
  - {fileID: 0}
  - {fileID: 0}
  - {fileID: 0}
  - {fileID: 0}
  - {fileID: 0}
  - {fileID: 0}
  keyPoints_Axis:
  - {fileID: 0}
  - {fileID: 0}
  - {fileID: 0}
  - {fileID: 0}
  - {fileID: 0}
  - {fileID: 0}
  - {fileID: 0}
  - {fileID: 0}
  - {fileID: 0}
  - {fileID: 0}
  - {fileID: 0}
  - {fileID: 0}
  - {fileID: 0}
  - {fileID: 0}
  - {fileID: 0}
  - {fileID: 0}
  - {fileID: 0}
  - {fileID: 0}
  - {fileID: 0}
  - {fileID: 0}
  - {fileID: 0}
  - {fileID: 0}
  - {fileID: 0}
  - {fileID: 0}
  - {fileID: 0}
  prefab_FingerBone: {fileID: 0}
--- !u!114 &4122132589680692403
MonoBehaviour:
  m_ObjectHideFlags: 0
  m_CorrespondingSourceObject: {fileID: 0}
  m_PrefabInstance: {fileID: 0}
  m_PrefabAsset: {fileID: 0}
  m_GameObject: {fileID: 7676621469331136298}
  m_Enabled: 1
  m_EditorHideFlags: 0
  m_Script: {fileID: 11500000, guid: ad339ccb87bb5ae48a5d38772b21807a, type: 3}
  m_Name: 
  m_EditorClassIdentifier: 
  enablePhysicsInteraction: 1
--- !u!114 &9113067224576310284
MonoBehaviour:
  m_ObjectHideFlags: 0
  m_CorrespondingSourceObject: {fileID: 0}
  m_PrefabInstance: {fileID: 0}
  m_PrefabAsset: {fileID: 0}
  m_GameObject: {fileID: 7676621469331136298}
  m_Enabled: 1
  m_EditorHideFlags: 0
  m_Script: {fileID: 11500000, guid: 759a5718d0b4dbf4e8fabe6f7502df80, type: 3}
  m_Name: 
  m_EditorClassIdentifier: 
  LayerMask:
    serializedVersion: 2
    m_Bits: 3758128947
--- !u!114 &33200110150900725
MonoBehaviour:
  m_ObjectHideFlags: 0
  m_CorrespondingSourceObject: {fileID: 0}
  m_PrefabInstance: {fileID: 0}
  m_PrefabAsset: {fileID: 0}
  m_GameObject: {fileID: 7676621469331136298}
  m_Enabled: 1
  m_EditorHideFlags: 0
  m_Script: {fileID: 11500000, guid: ee989108ef684284daf913e3de70bf14, type: 3}
  m_Name: 
  m_EditorClassIdentifier: 
--- !u!114 &8279277842548775127
MonoBehaviour:
  m_ObjectHideFlags: 0
  m_CorrespondingSourceObject: {fileID: 0}
  m_PrefabInstance: {fileID: 0}
  m_PrefabAsset: {fileID: 0}
  m_GameObject: {fileID: 7676621469331136298}
  m_Enabled: 1
  m_EditorHideFlags: 0
  m_Script: {fileID: 11500000, guid: 26a10d95209f168468d3a42b318cf5e4, type: 3}
  m_Name: 
  m_EditorClassIdentifier: 
--- !u!114 &560684691247813426
MonoBehaviour:
  m_ObjectHideFlags: 0
  m_CorrespondingSourceObject: {fileID: 0}
  m_PrefabInstance: {fileID: 0}
  m_PrefabAsset: {fileID: 0}
  m_GameObject: {fileID: 7676621469331136298}
  m_Enabled: 1
  m_EditorHideFlags: 0
  m_Script: {fileID: 11500000, guid: 6a011d16bd673c944905956366bf9aac, type: 3}
  m_Name: 
  m_EditorClassIdentifier: 
--- !u!114 &6737544418058469116
MonoBehaviour:
  m_ObjectHideFlags: 0
  m_CorrespondingSourceObject: {fileID: 0}
  m_PrefabInstance: {fileID: 0}
  m_PrefabAsset: {fileID: 0}
  m_GameObject: {fileID: 7676621469331136298}
  m_Enabled: 1
  m_EditorHideFlags: 0
  m_Script: {fileID: 11500000, guid: 9591878136547fa4bb73569b0fb0a1ed, type: 3}
  m_Name: 
  m_EditorClassIdentifier: 
  outline: 1
  isLeft: 1
  handRoot: {fileID: 2866577213327798638}
  wrist: {fileID: 3375876621534525963}
  bones:
  - {fileID: 3375876621534525997}
  - {fileID: 3375876621534525999}
  - {fileID: 3375876621534525985}
  - {fileID: 3375876621534525987}
  - {fileID: 3375876621534525981}
  - {fileID: 3375876621534525983}
  - {fileID: 3375876621534525969}
  - {fileID: 3375876621534525971}
  - {fileID: 3375876621534525965}
  - {fileID: 3375876621534525967}
  - {fileID: 3375876621534525953}
  - {fileID: 3375876621534525955}
  - {fileID: 3375876621534525973}
  - {fileID: 3375876621534525975}
  - {fileID: 3375876621534525993}
  - {fileID: 3375876621534525995}
  - {fileID: 3375876621534525957}
  - {fileID: 3375876621534525957}
  - {fileID: 3375876621534525959}
  - {fileID: 3375876621534525977}
  - {fileID: 3375876621534525979}
  ModelFingerPointing: {x: -1, y: 0, z: 0}
  ModelPalmFacing: {x: 0, y: 1, z: 0}
  defaultPos: {x: 0, y: 0, z: 0}
  defaultRot: {x: 0, y: 0, z: 0, w: 0}
  defaultBonesPos: []
  defaultBonesRot: []
  handRenderer: {fileID: 3375876621545990953}
  materials:
  - {fileID: 2100000, guid: 642c872a8b1a09b469c9c32d76ee0e13, type: 2}
  - {fileID: 2100000, guid: ed29c148aa7ee974bace843515b3995c, type: 2}
--- !u!1 &7676621469570342384
GameObject:
  m_ObjectHideFlags: 0
  m_CorrespondingSourceObject: {fileID: 0}
  m_PrefabInstance: {fileID: 0}
  m_PrefabAsset: {fileID: 0}
  serializedVersion: 6
  m_Component:
  - component: {fileID: 7676621469570342387}
  - component: {fileID: 4792177803428638723}
  - component: {fileID: 7354025175680649115}
  - component: {fileID: 3838874075908777563}
  - component: {fileID: 59593228929955383}
  - component: {fileID: 4170947041094791594}
  - component: {fileID: 6034386932648103228}
  - component: {fileID: 8732532121273325386}
  - component: {fileID: 4613190298679909495}
  m_Layer: 0
  m_Name: Right
  m_TagString: Untagged
  m_Icon: {fileID: 0}
  m_NavMeshLayer: 0
  m_StaticEditorFlags: 0
  m_IsActive: 1
--- !u!4 &7676621469570342387
Transform:
  m_ObjectHideFlags: 0
  m_CorrespondingSourceObject: {fileID: 0}
  m_PrefabInstance: {fileID: 0}
  m_PrefabAsset: {fileID: 0}
  m_GameObject: {fileID: 7676621469570342384}
  m_LocalRotation: {x: -0, y: -0, z: -0, w: 1}
  m_LocalPosition: {x: 0, y: 0, z: 0}
  m_LocalScale: {x: 1, y: 1, z: 1}
  m_ConstrainProportionsScale: 0
  m_Children:
  - {fileID: 4404475708663094246}
  m_Father: {fileID: 1280454093970641279}
  m_RootOrder: 1
  m_LocalEulerAnglesHint: {x: 0, y: 0, z: 0}
--- !u!114 &4792177803428638723
MonoBehaviour:
  m_ObjectHideFlags: 0
  m_CorrespondingSourceObject: {fileID: 0}
  m_PrefabInstance: {fileID: 0}
  m_PrefabAsset: {fileID: 0}
  m_GameObject: {fileID: 7676621469570342384}
  m_Enabled: 1
  m_EditorHideFlags: 0
  m_Script: {fileID: 11500000, guid: e8791a6a7e62f784a97d22375c58cf6c, type: 3}
  m_Name: 
  m_EditorClassIdentifier: 
  inputType: 0
  handType: 0
  isPinching: 0
  startPinch: 0
  endPinch: 0
  grabLocalPoint: {x: 0, y: 0, z: 0}
  isDragging: 0
  rayStartDistance: 0.15
  rayPoint_Start: {x: 0, y: 0, z: 0}
  rayPoint_End:
    position: {x: 0, y: 0, z: 0}
    rotation: {x: 0, y: 0, z: 0, w: 0}
  rayDirection: {x: 0, y: 0, z: 0}
  curRayContactingTarget_Renderer: {fileID: 0}
  lastRayContactingTarget_Renderer: {fileID: 0}
  lastPointingObject: {fileID: 0}
  IsRayPressDown: 0
  IsRayPressUp: 0
  curPressingObject: {fileID: 0}
  isCloseContactingUGUI: 0
  palmNormal: {x: 0, y: 0, z: 0}
  palmDirection: {x: 0, y: 0, z: 0}
  palm: {fileID: 0}
  preCloseContacting: 0
  preCloseContactingTarget_Renderer: {fileID: 0}
  last_PreCloseContactingTarget_Renderer: {fileID: 0}
--- !u!114 &7354025175680649115
MonoBehaviour:
  m_ObjectHideFlags: 0
  m_CorrespondingSourceObject: {fileID: 0}
  m_PrefabInstance: {fileID: 0}
  m_PrefabAsset: {fileID: 0}
  m_GameObject: {fileID: 7676621469570342384}
  m_Enabled: 1
  m_EditorHideFlags: 0
  m_Script: {fileID: 11500000, guid: 3c5dbb38307958e42bc0a5cc68279938, type: 3}
  m_Name: 
  m_EditorClassIdentifier: 
  ShowHandJoint: 0
  ShowHandJointAxis: 0
  enablePhysicsInteraction: 0
  prefab_Keypoint: {fileID: 0}
  prefab_Axis: {fileID: 0}
  keyPoints:
  - {fileID: 0}
  - {fileID: 0}
  - {fileID: 0}
  - {fileID: 0}
  - {fileID: 0}
  - {fileID: 0}
  - {fileID: 0}
  - {fileID: 0}
  - {fileID: 0}
  - {fileID: 0}
  - {fileID: 0}
  - {fileID: 0}
  - {fileID: 0}
  - {fileID: 0}
  - {fileID: 0}
  - {fileID: 0}
  - {fileID: 0}
  - {fileID: 0}
  - {fileID: 0}
  - {fileID: 0}
  - {fileID: 0}
  - {fileID: 0}
  - {fileID: 0}
  - {fileID: 0}
  - {fileID: 0}
  keyPoints_Axis:
  - {fileID: 0}
  - {fileID: 0}
  - {fileID: 0}
  - {fileID: 0}
  - {fileID: 0}
  - {fileID: 0}
  - {fileID: 0}
  - {fileID: 0}
  - {fileID: 0}
  - {fileID: 0}
  - {fileID: 0}
  - {fileID: 0}
  - {fileID: 0}
  - {fileID: 0}
  - {fileID: 0}
  - {fileID: 0}
  - {fileID: 0}
  - {fileID: 0}
  - {fileID: 0}
  - {fileID: 0}
  - {fileID: 0}
  - {fileID: 0}
  - {fileID: 0}
  - {fileID: 0}
  - {fileID: 0}
  prefab_FingerBone: {fileID: 0}
--- !u!114 &3838874075908777563
MonoBehaviour:
  m_ObjectHideFlags: 0
  m_CorrespondingSourceObject: {fileID: 0}
  m_PrefabInstance: {fileID: 0}
  m_PrefabAsset: {fileID: 0}
  m_GameObject: {fileID: 7676621469570342384}
  m_Enabled: 1
  m_EditorHideFlags: 0
  m_Script: {fileID: 11500000, guid: ad339ccb87bb5ae48a5d38772b21807a, type: 3}
  m_Name: 
  m_EditorClassIdentifier: 
  enablePhysicsInteraction: 1
--- !u!114 &59593228929955383
MonoBehaviour:
  m_ObjectHideFlags: 0
  m_CorrespondingSourceObject: {fileID: 0}
  m_PrefabInstance: {fileID: 0}
  m_PrefabAsset: {fileID: 0}
  m_GameObject: {fileID: 7676621469570342384}
  m_Enabled: 1
  m_EditorHideFlags: 0
  m_Script: {fileID: 11500000, guid: 759a5718d0b4dbf4e8fabe6f7502df80, type: 3}
  m_Name: 
  m_EditorClassIdentifier: 
  LayerMask:
    serializedVersion: 2
    m_Bits: 3758128947
--- !u!114 &4170947041094791594
MonoBehaviour:
  m_ObjectHideFlags: 0
  m_CorrespondingSourceObject: {fileID: 0}
  m_PrefabInstance: {fileID: 0}
  m_PrefabAsset: {fileID: 0}
  m_GameObject: {fileID: 7676621469570342384}
  m_Enabled: 1
  m_EditorHideFlags: 0
  m_Script: {fileID: 11500000, guid: ee989108ef684284daf913e3de70bf14, type: 3}
  m_Name: 
  m_EditorClassIdentifier: 
--- !u!114 &6034386932648103228
MonoBehaviour:
  m_ObjectHideFlags: 0
  m_CorrespondingSourceObject: {fileID: 0}
  m_PrefabInstance: {fileID: 0}
  m_PrefabAsset: {fileID: 0}
  m_GameObject: {fileID: 7676621469570342384}
  m_Enabled: 1
  m_EditorHideFlags: 0
  m_Script: {fileID: 11500000, guid: 26a10d95209f168468d3a42b318cf5e4, type: 3}
  m_Name: 
  m_EditorClassIdentifier: 
--- !u!114 &8732532121273325386
MonoBehaviour:
  m_ObjectHideFlags: 0
  m_CorrespondingSourceObject: {fileID: 0}
  m_PrefabInstance: {fileID: 0}
  m_PrefabAsset: {fileID: 0}
  m_GameObject: {fileID: 7676621469570342384}
  m_Enabled: 1
  m_EditorHideFlags: 0
  m_Script: {fileID: 11500000, guid: 6a011d16bd673c944905956366bf9aac, type: 3}
  m_Name: 
  m_EditorClassIdentifier: 
--- !u!114 &4613190298679909495
MonoBehaviour:
  m_ObjectHideFlags: 0
  m_CorrespondingSourceObject: {fileID: 0}
  m_PrefabInstance: {fileID: 0}
  m_PrefabAsset: {fileID: 0}
  m_GameObject: {fileID: 7676621469570342384}
  m_Enabled: 1
  m_EditorHideFlags: 0
  m_Script: {fileID: 11500000, guid: 9591878136547fa4bb73569b0fb0a1ed, type: 3}
  m_Name: 
  m_EditorClassIdentifier: 
  outline: 1
  isLeft: 0
  handRoot: {fileID: 4404475708663094246}
  wrist: {fileID: 8997744376744448423}
  bones:
  - {fileID: 8997744376744448385}
  - {fileID: 8997744376744448387}
  - {fileID: 8997744376744448397}
  - {fileID: 8997744376744448399}
  - {fileID: 8997744376744448433}
  - {fileID: 8997744376744448435}
  - {fileID: 8997744376744448445}
  - {fileID: 8997744376744448447}
  - {fileID: 8997744376744448417}
  - {fileID: 8997744376744448419}
  - {fileID: 8997744376744448429}
  - {fileID: 8997744376744448431}
  - {fileID: 8997744376744448441}
  - {fileID: 8997744376744448443}
  - {fileID: 8997744376744448389}
  - {fileID: 8997744376744448391}
  - {fileID: 8997744376744448425}
  - {fileID: 8997744376744448425}
  - {fileID: 8997744376744448427}
  - {fileID: 8997744376744448437}
  - {fileID: 8997744376744448439}
  ModelFingerPointing: {x: 1, y: 0, z: 0}
  ModelPalmFacing: {x: 0, y: -1, z: 0}
  defaultPos: {x: 0, y: 0, z: 0}
  defaultRot: {x: 0, y: 0, z: 0, w: 0}
  defaultBonesPos: []
  defaultBonesRot: []
  handRenderer: {fileID: 8997744376738742405}
  materials:
  - {fileID: 2100000, guid: 642c872a8b1a09b469c9c32d76ee0e13, type: 2}
  - {fileID: 2100000, guid: ed29c148aa7ee974bace843515b3995c, type: 2}
--- !u!1001 &982127016161193416
PrefabInstance:
  m_ObjectHideFlags: 0
  serializedVersion: 2
  m_Modification:
    m_TransformParent: {fileID: 7676621469570342387}
    m_Modifications:
    - target: {fileID: 3512491064599082542, guid: 7a857af0cb85b4a47b6ec8a1babcb73c,
        type: 3}
      propertyPath: m_RootOrder
      value: 0
      objectReference: {fileID: 0}
    - target: {fileID: 3512491064599082542, guid: 7a857af0cb85b4a47b6ec8a1babcb73c,
        type: 3}
      propertyPath: m_LocalPosition.x
      value: 0.15
      objectReference: {fileID: 0}
    - target: {fileID: 3512491064599082542, guid: 7a857af0cb85b4a47b6ec8a1babcb73c,
        type: 3}
      propertyPath: m_LocalPosition.y
      value: 0
      objectReference: {fileID: 0}
    - target: {fileID: 3512491064599082542, guid: 7a857af0cb85b4a47b6ec8a1babcb73c,
        type: 3}
      propertyPath: m_LocalPosition.z
      value: 0
      objectReference: {fileID: 0}
    - target: {fileID: 3512491064599082542, guid: 7a857af0cb85b4a47b6ec8a1babcb73c,
        type: 3}
      propertyPath: m_LocalRotation.w
      value: 0.7071068
      objectReference: {fileID: 0}
    - target: {fileID: 3512491064599082542, guid: 7a857af0cb85b4a47b6ec8a1babcb73c,
        type: 3}
      propertyPath: m_LocalRotation.x
      value: -0
      objectReference: {fileID: 0}
    - target: {fileID: 3512491064599082542, guid: 7a857af0cb85b4a47b6ec8a1babcb73c,
        type: 3}
      propertyPath: m_LocalRotation.y
      value: -0.7071068
      objectReference: {fileID: 0}
    - target: {fileID: 3512491064599082542, guid: 7a857af0cb85b4a47b6ec8a1babcb73c,
        type: 3}
      propertyPath: m_LocalRotation.z
      value: -0
      objectReference: {fileID: 0}
    - target: {fileID: 3512491064599082542, guid: 7a857af0cb85b4a47b6ec8a1babcb73c,
        type: 3}
      propertyPath: m_LocalEulerAnglesHint.x
      value: 0
      objectReference: {fileID: 0}
    - target: {fileID: 3512491064599082542, guid: 7a857af0cb85b4a47b6ec8a1babcb73c,
        type: 3}
      propertyPath: m_LocalEulerAnglesHint.y
      value: -90
      objectReference: {fileID: 0}
    - target: {fileID: 3512491064599082542, guid: 7a857af0cb85b4a47b6ec8a1babcb73c,
        type: 3}
      propertyPath: m_LocalEulerAnglesHint.z
      value: 0
      objectReference: {fileID: 0}
    - target: {fileID: 3512491064599439886, guid: 7a857af0cb85b4a47b6ec8a1babcb73c,
        type: 3}
      propertyPath: m_Name
      value: RiggedHandRight
      objectReference: {fileID: 0}
    - target: {fileID: 8178360485931203649, guid: 7a857af0cb85b4a47b6ec8a1babcb73c,
        type: 3}
      propertyPath: m_LocalRotation.w
      value: 1
      objectReference: {fileID: 0}
    - target: {fileID: 8178360485931203649, guid: 7a857af0cb85b4a47b6ec8a1babcb73c,
        type: 3}
      propertyPath: m_LocalRotation.x
      value: 0
      objectReference: {fileID: 0}
    - target: {fileID: 8178360485931203649, guid: 7a857af0cb85b4a47b6ec8a1babcb73c,
        type: 3}
      propertyPath: m_LocalRotation.y
      value: 0
      objectReference: {fileID: 0}
    - target: {fileID: 8178360485931203649, guid: 7a857af0cb85b4a47b6ec8a1babcb73c,
        type: 3}
      propertyPath: m_LocalRotation.z
      value: 0
      objectReference: {fileID: 0}
    - target: {fileID: 8178360485944634701, guid: 7a857af0cb85b4a47b6ec8a1babcb73c,
        type: 3}
      propertyPath: m_Materials.Array.data[0]
      value: 
      objectReference: {fileID: 2100000, guid: ed29c148aa7ee974bace843515b3995c, type: 2}
    m_RemovedComponents:
    - {fileID: 520215758443510862, guid: 7a857af0cb85b4a47b6ec8a1babcb73c, type: 3}
  m_SourcePrefab: {fileID: 100100000, guid: 7a857af0cb85b4a47b6ec8a1babcb73c, type: 3}
--- !u!4 &4404475708663094246 stripped
Transform:
  m_CorrespondingSourceObject: {fileID: 3512491064599082542, guid: 7a857af0cb85b4a47b6ec8a1babcb73c,
    type: 3}
  m_PrefabInstance: {fileID: 982127016161193416}
  m_PrefabAsset: {fileID: 0}
--- !u!137 &8997744376738742405 stripped
SkinnedMeshRenderer:
  m_CorrespondingSourceObject: {fileID: 8178360485944634701, guid: 7a857af0cb85b4a47b6ec8a1babcb73c,
    type: 3}
  m_PrefabInstance: {fileID: 982127016161193416}
  m_PrefabAsset: {fileID: 0}
--- !u!4 &8997744376744448385 stripped
Transform:
  m_CorrespondingSourceObject: {fileID: 8178360485931203657, guid: 7a857af0cb85b4a47b6ec8a1babcb73c,
    type: 3}
  m_PrefabInstance: {fileID: 982127016161193416}
  m_PrefabAsset: {fileID: 0}
--- !u!4 &8997744376744448387 stripped
Transform:
  m_CorrespondingSourceObject: {fileID: 8178360485931203659, guid: 7a857af0cb85b4a47b6ec8a1babcb73c,
    type: 3}
  m_PrefabInstance: {fileID: 982127016161193416}
  m_PrefabAsset: {fileID: 0}
--- !u!4 &8997744376744448389 stripped
Transform:
  m_CorrespondingSourceObject: {fileID: 8178360485931203661, guid: 7a857af0cb85b4a47b6ec8a1babcb73c,
    type: 3}
  m_PrefabInstance: {fileID: 982127016161193416}
  m_PrefabAsset: {fileID: 0}
--- !u!4 &8997744376744448391 stripped
Transform:
  m_CorrespondingSourceObject: {fileID: 8178360485931203663, guid: 7a857af0cb85b4a47b6ec8a1babcb73c,
    type: 3}
  m_PrefabInstance: {fileID: 982127016161193416}
  m_PrefabAsset: {fileID: 0}
--- !u!4 &8997744376744448397 stripped
Transform:
  m_CorrespondingSourceObject: {fileID: 8178360485931203653, guid: 7a857af0cb85b4a47b6ec8a1babcb73c,
    type: 3}
  m_PrefabInstance: {fileID: 982127016161193416}
  m_PrefabAsset: {fileID: 0}
--- !u!4 &8997744376744448399 stripped
Transform:
  m_CorrespondingSourceObject: {fileID: 8178360485931203655, guid: 7a857af0cb85b4a47b6ec8a1babcb73c,
    type: 3}
  m_PrefabInstance: {fileID: 982127016161193416}
  m_PrefabAsset: {fileID: 0}
--- !u!4 &8997744376744448417 stripped
Transform:
  m_CorrespondingSourceObject: {fileID: 8178360485931203689, guid: 7a857af0cb85b4a47b6ec8a1babcb73c,
    type: 3}
  m_PrefabInstance: {fileID: 982127016161193416}
  m_PrefabAsset: {fileID: 0}
--- !u!4 &8997744376744448419 stripped
Transform:
  m_CorrespondingSourceObject: {fileID: 8178360485931203691, guid: 7a857af0cb85b4a47b6ec8a1babcb73c,
    type: 3}
  m_PrefabInstance: {fileID: 982127016161193416}
  m_PrefabAsset: {fileID: 0}
--- !u!4 &8997744376744448423 stripped
Transform:
  m_CorrespondingSourceObject: {fileID: 8178360485931203695, guid: 7a857af0cb85b4a47b6ec8a1babcb73c,
    type: 3}
  m_PrefabInstance: {fileID: 982127016161193416}
  m_PrefabAsset: {fileID: 0}
--- !u!4 &8997744376744448425 stripped
Transform:
  m_CorrespondingSourceObject: {fileID: 8178360485931203681, guid: 7a857af0cb85b4a47b6ec8a1babcb73c,
    type: 3}
  m_PrefabInstance: {fileID: 982127016161193416}
  m_PrefabAsset: {fileID: 0}
--- !u!4 &8997744376744448427 stripped
Transform:
  m_CorrespondingSourceObject: {fileID: 8178360485931203683, guid: 7a857af0cb85b4a47b6ec8a1babcb73c,
    type: 3}
  m_PrefabInstance: {fileID: 982127016161193416}
  m_PrefabAsset: {fileID: 0}
--- !u!4 &8997744376744448429 stripped
Transform:
  m_CorrespondingSourceObject: {fileID: 8178360485931203685, guid: 7a857af0cb85b4a47b6ec8a1babcb73c,
    type: 3}
  m_PrefabInstance: {fileID: 982127016161193416}
  m_PrefabAsset: {fileID: 0}
--- !u!4 &8997744376744448431 stripped
Transform:
  m_CorrespondingSourceObject: {fileID: 8178360485931203687, guid: 7a857af0cb85b4a47b6ec8a1babcb73c,
    type: 3}
  m_PrefabInstance: {fileID: 982127016161193416}
  m_PrefabAsset: {fileID: 0}
--- !u!4 &8997744376744448433 stripped
Transform:
  m_CorrespondingSourceObject: {fileID: 8178360485931203705, guid: 7a857af0cb85b4a47b6ec8a1babcb73c,
    type: 3}
  m_PrefabInstance: {fileID: 982127016161193416}
  m_PrefabAsset: {fileID: 0}
--- !u!4 &8997744376744448435 stripped
Transform:
  m_CorrespondingSourceObject: {fileID: 8178360485931203707, guid: 7a857af0cb85b4a47b6ec8a1babcb73c,
    type: 3}
  m_PrefabInstance: {fileID: 982127016161193416}
  m_PrefabAsset: {fileID: 0}
--- !u!4 &8997744376744448437 stripped
Transform:
  m_CorrespondingSourceObject: {fileID: 8178360485931203709, guid: 7a857af0cb85b4a47b6ec8a1babcb73c,
    type: 3}
  m_PrefabInstance: {fileID: 982127016161193416}
  m_PrefabAsset: {fileID: 0}
--- !u!4 &8997744376744448439 stripped
Transform:
  m_CorrespondingSourceObject: {fileID: 8178360485931203711, guid: 7a857af0cb85b4a47b6ec8a1babcb73c,
    type: 3}
  m_PrefabInstance: {fileID: 982127016161193416}
  m_PrefabAsset: {fileID: 0}
--- !u!4 &8997744376744448441 stripped
Transform:
  m_CorrespondingSourceObject: {fileID: 8178360485931203697, guid: 7a857af0cb85b4a47b6ec8a1babcb73c,
    type: 3}
  m_PrefabInstance: {fileID: 982127016161193416}
  m_PrefabAsset: {fileID: 0}
--- !u!4 &8997744376744448443 stripped
Transform:
  m_CorrespondingSourceObject: {fileID: 8178360485931203699, guid: 7a857af0cb85b4a47b6ec8a1babcb73c,
    type: 3}
  m_PrefabInstance: {fileID: 982127016161193416}
  m_PrefabAsset: {fileID: 0}
--- !u!4 &8997744376744448445 stripped
Transform:
  m_CorrespondingSourceObject: {fileID: 8178360485931203701, guid: 7a857af0cb85b4a47b6ec8a1babcb73c,
    type: 3}
  m_PrefabInstance: {fileID: 982127016161193416}
  m_PrefabAsset: {fileID: 0}
--- !u!4 &8997744376744448447 stripped
Transform:
  m_CorrespondingSourceObject: {fileID: 8178360485931203703, guid: 7a857af0cb85b4a47b6ec8a1babcb73c,
    type: 3}
  m_PrefabInstance: {fileID: 982127016161193416}
  m_PrefabAsset: {fileID: 0}
--- !u!1001 &2815437164992953290
PrefabInstance:
  m_ObjectHideFlags: 0
  serializedVersion: 2
  m_Modification:
    m_TransformParent: {fileID: 7676621469331136301}
    m_Modifications:
    - target: {fileID: 61451597023024772, guid: 6080fb9e3b49fda449e3d70daf6d2254,
        type: 3}
      propertyPath: m_Name
      value: RiggedHandLeft
      objectReference: {fileID: 0}
    - target: {fileID: 61451597023513252, guid: 6080fb9e3b49fda449e3d70daf6d2254,
        type: 3}
      propertyPath: m_RootOrder
      value: 0
      objectReference: {fileID: 0}
    - target: {fileID: 61451597023513252, guid: 6080fb9e3b49fda449e3d70daf6d2254,
        type: 3}
      propertyPath: m_LocalPosition.x
      value: -0.15
      objectReference: {fileID: 0}
    - target: {fileID: 61451597023513252, guid: 6080fb9e3b49fda449e3d70daf6d2254,
        type: 3}
      propertyPath: m_LocalPosition.y
      value: 0
      objectReference: {fileID: 0}
    - target: {fileID: 61451597023513252, guid: 6080fb9e3b49fda449e3d70daf6d2254,
        type: 3}
      propertyPath: m_LocalPosition.z
      value: 0
      objectReference: {fileID: 0}
    - target: {fileID: 61451597023513252, guid: 6080fb9e3b49fda449e3d70daf6d2254,
        type: 3}
      propertyPath: m_LocalRotation.w
      value: 0
      objectReference: {fileID: 0}
    - target: {fileID: 61451597023513252, guid: 6080fb9e3b49fda449e3d70daf6d2254,
        type: 3}
      propertyPath: m_LocalRotation.x
      value: 0.70710677
      objectReference: {fileID: 0}
    - target: {fileID: 61451597023513252, guid: 6080fb9e3b49fda449e3d70daf6d2254,
        type: 3}
      propertyPath: m_LocalRotation.y
      value: 0
      objectReference: {fileID: 0}
    - target: {fileID: 61451597023513252, guid: 6080fb9e3b49fda449e3d70daf6d2254,
        type: 3}
      propertyPath: m_LocalRotation.z
      value: -0.70710677
      objectReference: {fileID: 0}
    - target: {fileID: 61451597023513252, guid: 6080fb9e3b49fda449e3d70daf6d2254,
        type: 3}
      propertyPath: m_LocalEulerAnglesHint.x
      value: 0
      objectReference: {fileID: 0}
    - target: {fileID: 61451597023513252, guid: 6080fb9e3b49fda449e3d70daf6d2254,
        type: 3}
      propertyPath: m_LocalEulerAnglesHint.y
      value: -90
      objectReference: {fileID: 0}
    - target: {fileID: 61451597023513252, guid: 6080fb9e3b49fda449e3d70daf6d2254,
        type: 3}
      propertyPath: m_LocalEulerAnglesHint.z
      value: -180
      objectReference: {fileID: 0}
    - target: {fileID: 705926914935427299, guid: 6080fb9e3b49fda449e3d70daf6d2254,
        type: 3}
      propertyPath: m_Materials.Array.data[0]
      value: 
      objectReference: {fileID: 2100000, guid: ed29c148aa7ee974bace843515b3995c, type: 2}
    m_RemovedComponents:
    - {fileID: 1867417485355804207, guid: 6080fb9e3b49fda449e3d70daf6d2254, type: 3}
  m_SourcePrefab: {fileID: 100100000, guid: 6080fb9e3b49fda449e3d70daf6d2254, type: 3}
--- !u!4 &2866577213327798638 stripped
Transform:
  m_CorrespondingSourceObject: {fileID: 61451597023513252, guid: 6080fb9e3b49fda449e3d70daf6d2254,
    type: 3}
  m_PrefabInstance: {fileID: 2815437164992953290}
  m_PrefabAsset: {fileID: 0}
--- !u!4 &3375876621534525953 stripped
Transform:
  m_CorrespondingSourceObject: {fileID: 705926914946761163, guid: 6080fb9e3b49fda449e3d70daf6d2254,
    type: 3}
  m_PrefabInstance: {fileID: 2815437164992953290}
  m_PrefabAsset: {fileID: 0}
--- !u!4 &3375876621534525955 stripped
Transform:
  m_CorrespondingSourceObject: {fileID: 705926914946761161, guid: 6080fb9e3b49fda449e3d70daf6d2254,
    type: 3}
  m_PrefabInstance: {fileID: 2815437164992953290}
  m_PrefabAsset: {fileID: 0}
--- !u!4 &3375876621534525957 stripped
Transform:
  m_CorrespondingSourceObject: {fileID: 705926914946761167, guid: 6080fb9e3b49fda449e3d70daf6d2254,
    type: 3}
  m_PrefabInstance: {fileID: 2815437164992953290}
  m_PrefabAsset: {fileID: 0}
--- !u!4 &3375876621534525959 stripped
Transform:
  m_CorrespondingSourceObject: {fileID: 705926914946761165, guid: 6080fb9e3b49fda449e3d70daf6d2254,
    type: 3}
  m_PrefabInstance: {fileID: 2815437164992953290}
  m_PrefabAsset: {fileID: 0}
--- !u!4 &3375876621534525963 stripped
Transform:
  m_CorrespondingSourceObject: {fileID: 705926914946761153, guid: 6080fb9e3b49fda449e3d70daf6d2254,
    type: 3}
  m_PrefabInstance: {fileID: 2815437164992953290}
  m_PrefabAsset: {fileID: 0}
--- !u!4 &3375876621534525965 stripped
Transform:
  m_CorrespondingSourceObject: {fileID: 705926914946761159, guid: 6080fb9e3b49fda449e3d70daf6d2254,
    type: 3}
  m_PrefabInstance: {fileID: 2815437164992953290}
  m_PrefabAsset: {fileID: 0}
--- !u!4 &3375876621534525967 stripped
Transform:
  m_CorrespondingSourceObject: {fileID: 705926914946761157, guid: 6080fb9e3b49fda449e3d70daf6d2254,
    type: 3}
  m_PrefabInstance: {fileID: 2815437164992953290}
  m_PrefabAsset: {fileID: 0}
--- !u!4 &3375876621534525969 stripped
Transform:
  m_CorrespondingSourceObject: {fileID: 705926914946761179, guid: 6080fb9e3b49fda449e3d70daf6d2254,
    type: 3}
  m_PrefabInstance: {fileID: 2815437164992953290}
  m_PrefabAsset: {fileID: 0}
--- !u!4 &3375876621534525971 stripped
Transform:
  m_CorrespondingSourceObject: {fileID: 705926914946761177, guid: 6080fb9e3b49fda449e3d70daf6d2254,
    type: 3}
  m_PrefabInstance: {fileID: 2815437164992953290}
  m_PrefabAsset: {fileID: 0}
--- !u!4 &3375876621534525973 stripped
Transform:
  m_CorrespondingSourceObject: {fileID: 705926914946761183, guid: 6080fb9e3b49fda449e3d70daf6d2254,
    type: 3}
  m_PrefabInstance: {fileID: 2815437164992953290}
  m_PrefabAsset: {fileID: 0}
--- !u!4 &3375876621534525975 stripped
Transform:
  m_CorrespondingSourceObject: {fileID: 705926914946761181, guid: 6080fb9e3b49fda449e3d70daf6d2254,
    type: 3}
  m_PrefabInstance: {fileID: 2815437164992953290}
  m_PrefabAsset: {fileID: 0}
--- !u!4 &3375876621534525977 stripped
Transform:
  m_CorrespondingSourceObject: {fileID: 705926914946761171, guid: 6080fb9e3b49fda449e3d70daf6d2254,
    type: 3}
  m_PrefabInstance: {fileID: 2815437164992953290}
  m_PrefabAsset: {fileID: 0}
--- !u!4 &3375876621534525979 stripped
Transform:
  m_CorrespondingSourceObject: {fileID: 705926914946761169, guid: 6080fb9e3b49fda449e3d70daf6d2254,
    type: 3}
  m_PrefabInstance: {fileID: 2815437164992953290}
  m_PrefabAsset: {fileID: 0}
--- !u!4 &3375876621534525981 stripped
Transform:
  m_CorrespondingSourceObject: {fileID: 705926914946761175, guid: 6080fb9e3b49fda449e3d70daf6d2254,
    type: 3}
  m_PrefabInstance: {fileID: 2815437164992953290}
  m_PrefabAsset: {fileID: 0}
--- !u!4 &3375876621534525983 stripped
Transform:
  m_CorrespondingSourceObject: {fileID: 705926914946761173, guid: 6080fb9e3b49fda449e3d70daf6d2254,
    type: 3}
  m_PrefabInstance: {fileID: 2815437164992953290}
  m_PrefabAsset: {fileID: 0}
--- !u!4 &3375876621534525985 stripped
Transform:
  m_CorrespondingSourceObject: {fileID: 705926914946761195, guid: 6080fb9e3b49fda449e3d70daf6d2254,
    type: 3}
  m_PrefabInstance: {fileID: 2815437164992953290}
  m_PrefabAsset: {fileID: 0}
--- !u!4 &3375876621534525987 stripped
Transform:
  m_CorrespondingSourceObject: {fileID: 705926914946761193, guid: 6080fb9e3b49fda449e3d70daf6d2254,
    type: 3}
  m_PrefabInstance: {fileID: 2815437164992953290}
  m_PrefabAsset: {fileID: 0}
--- !u!4 &3375876621534525993 stripped
Transform:
  m_CorrespondingSourceObject: {fileID: 705926914946761187, guid: 6080fb9e3b49fda449e3d70daf6d2254,
    type: 3}
  m_PrefabInstance: {fileID: 2815437164992953290}
  m_PrefabAsset: {fileID: 0}
--- !u!4 &3375876621534525995 stripped
Transform:
  m_CorrespondingSourceObject: {fileID: 705926914946761185, guid: 6080fb9e3b49fda449e3d70daf6d2254,
    type: 3}
  m_PrefabInstance: {fileID: 2815437164992953290}
  m_PrefabAsset: {fileID: 0}
--- !u!4 &3375876621534525997 stripped
Transform:
  m_CorrespondingSourceObject: {fileID: 705926914946761191, guid: 6080fb9e3b49fda449e3d70daf6d2254,
    type: 3}
  m_PrefabInstance: {fileID: 2815437164992953290}
  m_PrefabAsset: {fileID: 0}
--- !u!4 &3375876621534525999 stripped
Transform:
  m_CorrespondingSourceObject: {fileID: 705926914946761189, guid: 6080fb9e3b49fda449e3d70daf6d2254,
    type: 3}
  m_PrefabInstance: {fileID: 2815437164992953290}
  m_PrefabAsset: {fileID: 0}
--- !u!137 &3375876621545990953 stripped
SkinnedMeshRenderer:
  m_CorrespondingSourceObject: {fileID: 705926914935427299, guid: 6080fb9e3b49fda449e3d70daf6d2254,
    type: 3}
  m_PrefabInstance: {fileID: 2815437164992953290}
  m_PrefabAsset: {fileID: 0}
--- !u!1001 &3774596432293768121
PrefabInstance:
  m_ObjectHideFlags: 0
  serializedVersion: 2
  m_Modification:
    m_TransformParent: {fileID: 3774596431609209902}
    m_Modifications:
    - target: {fileID: 1829853811, guid: bdeb75d80ee1c443483a96c2c24761ae, type: 3}
      propertyPath: LayerMask.m_Bits
      value: 32563
      objectReference: {fileID: 0}
    - target: {fileID: 1838529249, guid: bdeb75d80ee1c443483a96c2c24761ae, type: 3}
      propertyPath: LayerMask.m_Bits
      value: 32563
      objectReference: {fileID: 0}
    - target: {fileID: 55939585751075104, guid: bdeb75d80ee1c443483a96c2c24761ae,
        type: 3}
      propertyPath: m_LocalRotation.y
      value: 0.7071068
      objectReference: {fileID: 0}
    - target: {fileID: 55939585751075104, guid: bdeb75d80ee1c443483a96c2c24761ae,
        type: 3}
      propertyPath: m_LocalRotation.z
      value: 0.7071068
      objectReference: {fileID: 0}
    - target: {fileID: 55939585751075104, guid: bdeb75d80ee1c443483a96c2c24761ae,
        type: 3}
      propertyPath: m_LocalEulerAnglesHint.x
      value: -90
      objectReference: {fileID: 0}
    - target: {fileID: 2624387030376579754, guid: bdeb75d80ee1c443483a96c2c24761ae,
        type: 3}
      propertyPath: m_Name
      value: ControllerRig
      objectReference: {fileID: 0}
    - target: {fileID: 2624387030376579754, guid: bdeb75d80ee1c443483a96c2c24761ae,
        type: 3}
      propertyPath: m_IsActive
      value: 1
      objectReference: {fileID: 0}
    - target: {fileID: 2624387030376579755, guid: bdeb75d80ee1c443483a96c2c24761ae,
        type: 3}
      propertyPath: m_RootOrder
      value: 0
      objectReference: {fileID: 0}
    - target: {fileID: 2624387030376579755, guid: bdeb75d80ee1c443483a96c2c24761ae,
        type: 3}
      propertyPath: m_LocalPosition.x
      value: 0
      objectReference: {fileID: 0}
    - target: {fileID: 2624387030376579755, guid: bdeb75d80ee1c443483a96c2c24761ae,
        type: 3}
      propertyPath: m_LocalPosition.y
      value: 0
      objectReference: {fileID: 0}
    - target: {fileID: 2624387030376579755, guid: bdeb75d80ee1c443483a96c2c24761ae,
        type: 3}
      propertyPath: m_LocalPosition.z
      value: 0
      objectReference: {fileID: 0}
    - target: {fileID: 2624387030376579755, guid: bdeb75d80ee1c443483a96c2c24761ae,
        type: 3}
      propertyPath: m_LocalRotation.w
      value: 1
      objectReference: {fileID: 0}
    - target: {fileID: 2624387030376579755, guid: bdeb75d80ee1c443483a96c2c24761ae,
        type: 3}
      propertyPath: m_LocalRotation.x
      value: -0
      objectReference: {fileID: 0}
    - target: {fileID: 2624387030376579755, guid: bdeb75d80ee1c443483a96c2c24761ae,
        type: 3}
      propertyPath: m_LocalRotation.y
      value: -0
      objectReference: {fileID: 0}
    - target: {fileID: 2624387030376579755, guid: bdeb75d80ee1c443483a96c2c24761ae,
        type: 3}
      propertyPath: m_LocalRotation.z
      value: -0
      objectReference: {fileID: 0}
    - target: {fileID: 2624387030376579755, guid: bdeb75d80ee1c443483a96c2c24761ae,
        type: 3}
      propertyPath: m_LocalEulerAnglesHint.x
      value: 0
      objectReference: {fileID: 0}
    - target: {fileID: 2624387030376579755, guid: bdeb75d80ee1c443483a96c2c24761ae,
        type: 3}
      propertyPath: m_LocalEulerAnglesHint.y
      value: 0
      objectReference: {fileID: 0}
    - target: {fileID: 2624387030376579755, guid: bdeb75d80ee1c443483a96c2c24761ae,
        type: 3}
      propertyPath: m_LocalEulerAnglesHint.z
      value: 0
      objectReference: {fileID: 0}
    - target: {fileID: 2863674060725422252, guid: bdeb75d80ee1c443483a96c2c24761ae,
        type: 3}
      propertyPath: m_LocalRotation.x
      value: -0
      objectReference: {fileID: 0}
    - target: {fileID: 2863674060725422252, guid: bdeb75d80ee1c443483a96c2c24761ae,
        type: 3}
      propertyPath: m_LocalRotation.y
      value: -0.7071068
      objectReference: {fileID: 0}
    - target: {fileID: 2863674060725422252, guid: bdeb75d80ee1c443483a96c2c24761ae,
        type: 3}
      propertyPath: m_LocalRotation.z
      value: -0.7071068
      objectReference: {fileID: 0}
    - target: {fileID: 2863674060725422252, guid: bdeb75d80ee1c443483a96c2c24761ae,
        type: 3}
      propertyPath: m_LocalEulerAnglesHint.x
      value: -90
      objectReference: {fileID: 0}
    - target: {fileID: 4513924884051466667, guid: bdeb75d80ee1c443483a96c2c24761ae,
        type: 3}
      propertyPath: m_IsActive
      value: 1
      objectReference: {fileID: 0}
    m_RemovedComponents: []
  m_SourcePrefab: {fileID: 100100000, guid: bdeb75d80ee1c443483a96c2c24761ae, type: 3}
--- !u!4 &1155663058063763730 stripped
Transform:
  m_CorrespondingSourceObject: {fileID: 2624387030376579755, guid: bdeb75d80ee1c443483a96c2c24761ae,
    type: 3}
  m_PrefabInstance: {fileID: 3774596432293768121}
  m_PrefabAsset: {fileID: 0}
